 Dungeon Crawl Stone Soup version 0.30-a0-728-gc68057be0a (webtiles) character file.

Game seed: 17828048227185742639

35921 iguanaiguana the Fencer (level 14, 0/126 HPs)
             Began as a Meteoran Delver on Jan 31, 2023.
             Was an Initiate of Gozag.
             Slain by an orc warrior
             ... wielding a +0 halberd
              (11 damage)
             ... on level 2 of the Orcish Mines.
             The game lasted 00:51:08 (7522 turns).

iguanaiguana the Fencer (Meteoran Delver)           Turns: 7522, Time: 00:51:08

Health: 0/126      AC:  8    Str: 17    XL:     14   Next: 56%
Magic:  0/24       EV: 20    Int:  8    God:    Gozag
Gold:   4088       SH:  0    Dex: 27    Spells: 13/13 levels left

rFire   + . .      SeeInvis .    x - +5 great sword "Ogegif" {freeze, rCorr Dex+2}
rCold   + . .      Faith    .    (shield currently unavailable)
rNeg    . . .      Spirit   +    A - +0 ring mail "Simnody" {rElec rPois Regen+ Int-3}
rPois   +          Reflect  .    (no helmet)
rElec   +          Harm     .    k - scarf {rC+ rF+}
rCorr   +          Rampage  .    T - +0 pair of gloves
Will    +....                    d - +0 pair of boots
Stlth   +                        y - amulet of guardian spirit
HPRegen 1.21/turn                w - +6 ring of dexterity
MPRegen 0.19/turn                v - ring of magical power {212}

@: gold aura, glowing
A: sense surroundings 2, otherworldly, glowing, explore regen
a: Renounce Religion, Potion Petition, Call Merchant, Bribe Branch


You were on level 2 of the Orcish Mines.
You worshipped Gozag.
Gozag was most pleased with you.
You visited 2 branches of the dungeon, and saw 15 of its levels.

You collected 4166 gold pieces.
You paid 78 gold pieces to Gozag.

Inventory:

Hand Weapons
 a - a +0 falchion
 p - a +0 long sword
 x - the +5 great sword "Ogegif" (weapon) {freeze, rCorr Dex+2}
   (You acquired it on level 6 of the Dungeon)

   Dex:       It affects your dexterity (+2).
   rCorr:     It protects you from acid and corrosion.
 F - a +5 dagger
 Y - a +0 arbalest
Missiles
 i - 46 poisoned darts (quivered)
 B - 2 curare-tipped darts
 J - 5 atropa-tipped darts
 Z - a boomerang
Armour
 d - a +0 pair of boots (worn)
 k - a scarf of resistance (worn)
 q - a scarf of repulsion
 A - the +0 ring mail "Simnody" (worn) {rElec rPois Regen+ Int-3}
   (You found it on level 4 of the Dungeon)

   Int:       It affects your intelligence (-3).
   rElec:     It insulates you from electricity.
   rPois:     It protects you from poison.
   Regen:     It increases your rate of health regeneration.
 N - the +5 chain mail of Cumiar {Rampage rF+}
   (You found it on level 9 of the Dungeon)

   rF:        It protects you from fire.
   Rampage:   It bestows one free step when moving towards enemies.
 O - a +0 kite shield
 S - a +0 kite shield
 T - a +0 pair of gloves (worn)
 U - an orb of mayhem
 V - a +0 cloak
 X - a +0 buckler
Magical Staves
 j - a staff of poison
 u - a staff of air
Jewellery
 o - a ring of positive energy
 v - a ring of magical power (right hand) {212}
 w - a +6 ring of dexterity (left hand)
 y - an amulet of guardian spirit (around neck)
 H - a +6 ring of intelligence
 I - a ring of poison resistance
 W - a ring of ice
Wands
 g - a wand of digging (1) {@v3}
 L - a wand of polymorph (8)
 M - a wand of flame (7)
Scrolls
 b - 2 scrolls of magic mapping {@r5}
 c - 2 scrolls of fog
 l - a scroll of identify {@r1}
 r - a scroll of vulnerability
 s - 2 scrolls of blinking {@r4}
 t - 3 scrolls of teleportation {@r3}
 C - a scroll of noise {unknown}
 D - 2 scrolls of silence {unknown}
 E - a scroll of amnesia {unknown}
 P - 3 scrolls of enchant armour {unknown}
Potions
 e - 6 potions of curing {@q1}
 f - 5 potions of flight
 h - 2 potions of attraction
 m - 5 potions of heal wounds {@q2}
 n - 4 potions of haste {@q4}
 z - 3 potions of mutation
 G - 3 potions of lignification
 K - 2 potions of magic
 Q - a potion of cancellation {unknown}
Miscellaneous
 R - a phantom mirror (inert)


   Skills:
 - Level 12.0 Fighting
 - Level 20.0 Long Blades
 + Level 0.0 Ranged Weapons
 - Level 6.0 Throwing
 - Level 5.5 Armour
 - Level 10.8 Dodging
 - Level 3.7 Stealth
 - Level 6.0 Evocations


You had 13 spell levels left.
You didn't know any spells.
Your spell library contained the following spells:

 Spells                   Type           Power      Damage    Failure   Level
 Apportation              Tloc           0%         N/A       58%         1
 Necrotise                Necr           0%         1d4       58%         1
 Summon Small Mammal      Summ           0%         N/A       58%         1
 Frozen Ramparts          Ice            0%         1d1       92%         3
 Stone Arrow              Conj/Erth      0%         3d7       92%         3
 Animate Armour           Summ/Erth      0%         N/A       100%        4
 Ice Form                 Ice/Tmut       0%         N/A       100%        4
 Summon Ice Beast         Ice/Summ       0%         N/A       100%        4
 Lehudib's Crystal Spear  Conj/Erth      0%         10d2      100%        8


Dungeon Overview and Level Annotations

Branches:
Dungeon (13/15) Zot: 823   Temple (0/1) D:7            Lair (0/5) D:8
    Orc (2/2) D:10 Zot: 629
    Elf: Orc:2       Vaults: D:13-14

Altars:
Ashenzari
Gozag
Qazlal
Ru
Uskayaw
Xom
Zin
The Shining One

Shops:
Orc:1 [[

Portals:
Trove: D:10 (give +5 fire dragon scales)

Annotations:
D:3 Grinder, Ijyb, Jessica


Innate Abilities, Weirdness & Mutations

You passively map the area around you.
You are easily found by Zot.
You glow in the dark.
You regain HP and MP as you explore.


Message History

You hear a shout!
The centaur shoots an arrow.
The arrow hits you.
The centaur unwields a +0 shortbow.
The centaur shoots an arrow.
The arrow hits you.
* * * LOW HITPOINT WARNING * * *
The centaur kicks you.
* * * LOW HITPOINT WARNING * * *
The centaur shoots an arrow.
The arrow hits you.
* * * LOW HITPOINT WARNING * * *
An orc comes into view. It is wielding a +0 arbalest.
The orc priest mumbles some strange prayers to Beogh against you.
Beogh smites you!
* * * LOW HITPOINT WARNING * * *
The orc warrior shoots a bolt.
The bolt closely misses the centaur.
The bolt hits the orc warrior!
You hear a shout!
The centaur wields a +0 shortbow.
The centaur shoots an arrow.
The arrow hits you.
* * * LOW HITPOINT WARNING * * *
The centaur shoots an arrow.
The arrow hits you!
* * * LOW HITPOINT WARNING * * *
The centaur kicks you.
* * * LOW HITPOINT WARNING * * *
The centaur shoots an arrow.
The arrow hits you.
* * * LOW HITPOINT WARNING * * *
The orc warrior shoots a bolt.
The centaur shoots an arrow.
The arrow hits you!
* * * LOW HITPOINT WARNING * * *
The centaur shoots an arrow. x3; The arrow hits you!
* * * LOW HITPOINT WARNING * * *
There is a stone staircase leading up, spattered with blood here.
The centaur shoots an arrow.
The arrow hits you.
* * * LOW HITPOINT WARNING * * *
The centaur shoots an arrow.
The orc priest calls down the wrath of Beogh upon you.
Beogh smites you!
* * * LOW HITPOINT WARNING * * *
The orc warrior hits you from afar with a +0 halberd!
You die...
Your body crumbles into a pile of gold.

, , , < ,,, * , ,
....#.......... ,*
$ ,
..............# $
, ,
..............##
,, ,
...............#
,,* ,
..............# ,
.........o....# **
........c....# ,,
,*......c..@..$# ,
........o...## **
....c..c.....$.. ,
...............# ,
....oo.......$..#
,
,...........#...##
,,
..$...........##
*...........#... ,
,, , ,$ ,


You could see 2 orc warriors, 4 centaurs, an orc priest and an orc.

Vanquished Creatures
  An orc warlord (D:10)
  A yaktaur captain (D:12)
  A hydra (D:11)
  A centaur warrior (D:12)
  A boulder beetle (D:12)
  7 two-headed ogres
  A death knight (D:11)
  An orc high priest (Orc:1)
  2 tengu warriors (D:13)
  A skeletal warrior (D:11)
  2 deep elf pyromancers (D:12)
  3 ugly things
  2 orc knights (Orc:1)
  4 cyclopes
  An orc sorcerer (D:10)
  A wolf spider (D:12)
  A black mamba (shapeshifter) (D:11)
  A manticore (D:12)
  Psyche (D:12)
  4 gargoyles
  2 freezing wraiths (D:11)
  A tengu conjurer (D:12)
  2 komodo dragons
  4 kobold demonologists
  A queen bee (shapeshifter) (D:12)
  7 trolls
  3 shadows (D:12)
  2 vampires
  21 yaks
  3 wraiths
  Eustachio (D:5)
  9 vampire mosquitoes
  2 basilisks
  9 wargs
  4 acid dragons
  6 water moccasins
  11 orc warriors
  2 sky beasts (D:7)
  2 black bears
  4 ogres
  6 centaurs
  A phantom (D:6)
  6 kobold brigands
  8 bullfrogs
  2 gnoll sergeants (D:9)
  A scorpion (D:5)
  2 necrophages
  9 wights (D:6)
  2 jellies (D:5)
  6 howler monkeys
  An iron imp (D:6)
  7 orc priests
  2 hounds
  2 iguanas
  7 orc wizards
  18 gnolls
  7 adders
  A shadow imp (D:7)
  2 white imps
  2 ufetubi
  2 dart slugs
  34 orcs
  9 bats
  8 endoplasms
  A giant cockroach (D:3)
  7 goblins
  8 hobgoblins
  7 jackals
  17 kobolds
  2 quokkas (D:3)
  7 ball pythons
  4 frilled lizards
  A goblin skeleton (D:6)
  A goblin zombie (D:6)
  A hobgoblin zombie (D:6)
  A kobold skeleton (D:6)
  A kobold zombie (D:6)
  An orc skeleton (D:6)
  3 rats
340 creatures vanquished.

Vanquished Creatures (collateral kills)
  An ogre mage (D:11)
  A hydra (D:11)
  A tengu conjurer (D:11)
  2 orc warriors (Orc:1)
5 creatures vanquished.

Vanquished Creatures (others)
  An orc wizard (D:10)
  An orc (Orc:1)
  45 fungi (D:8)
  34 plants (D:8)
81 creatures vanquished.

Grand Total: 426 creatures vanquished

Notes
Turn   | Place    | Note
-------+----------+-------------------------------------------
     0 | D:5      | iguanaiguana the Meteoran Delver began the quest for the
                  | Orb.
     0 | D:5      | Reached XP level 1. HP: 19/19 MP: 2/2
     6 | D:5      | Noticed an iguana
     7 | D:5      | Noticed an ogre
    69 | D:3      | Found an opulent altar of Gozag.
   133 | D:3      | Reached XP level 2. HP: 27/27 MP: 3/3
   167 | D:2      | Reached XP level 3. HP: 8/33 MP: 4/4
   258 | D:3      | Noticed Ijyb
   270 | D:3      | Noticed Grinder
   331 | D:3      | Noticed Jessica
   415 | D:3      | Became a worshipper of Gozag Ym Sagoz the Greedy
   580 | D:2      | Reached skill level 5 in Fighting
   580 | D:2      | Reached XP level 4. HP: 32/42 MP: 5/5
   884 | D:1      | Reached XP level 5. HP: 46/49 MP: 6/6
  1186 | D:1      | Found a faded altar of an unknown god.
  1308 | D:4      | Noticed a necrophage
  1318 | D:4      | Killed a necrophage
  1319 | D:4      | Reached XP level 6. HP: 52/58 MP: 7/7
  1370 | D:4      | Noticed a black bear
  1393 | D:4      | Killed a black bear
  1486 | D:4      | Identified the +0 ring mail "Simnody" {rElec rPois Regen+
                  | Int-3}
  1550 | D:4      | Reached XP level 7. HP: 67/67 MP: 8/8
  1822 | D:5      | Found a stormy altar of Qazlal.
  1822 | D:5      | Noticed Eustachio
  1838 | D:5      | Killed Eustachio
  1839 | D:5      | Reached XP level 8. HP: 74/74 MP: 9/9
  2175 | D:6      | Reached skill level 5 in Armour
  2286 | D:6      | Found a broken altar of Ashenzari.
  2296 | D:6      | Reached skill level 3 in Long Blades
  2296 | D:6      | Gained mutation: You passively map the area around you.
                  | [Meteoran growth]
  2296 | D:6      | Reached XP level 9. HP: 67/81 MP: 10/10
  2302 | D:6      | Reached skill level 4 in Long Blades
  2356 | D:6      | Found a glowing golden altar of the Shining One.
  2391 | D:6      | Reached skill level 5 in Long Blades
  2430 | D:6      | Identified a scroll of acquirement
  2431 | D:6      | Acquired the +5 great sword "Ogegif" {freeze, rCorr Dex+2}
  2449 | D:6      | Reached skill level 6 in Long Blades
  2496 | D:6      | Reached skill level 7 in Long Blades
  2516 | D:6      | Reached skill level 8 in Long Blades
  2563 | D:7      | Reached skill level 9 in Long Blades
  2570 | D:7      | Reached XP level 10. HP: 74/88 MP: 11/11
  2597 | D:7      | Found a sacrificial altar of Ru.
  2612 | D:7      | Reached skill level 10 in Long Blades
  2692 | D:7      | Found a glowing silver altar of Zin.
  2737 | D:7      | Reached skill level 11 in Long Blades
  2826 | D:7      | Found a staircase to the Ecumenical Temple.
  2867 | D:8      | Noticed a komodo dragon
  2869 | D:8      | Found a staircase to the Lair.
  2897 | D:8      | Noticed a two-headed ogre
  2902 | D:7      | Reached skill level 12 in Long Blades
  3028 | D:8      | Killed a two-headed ogre
  3029 | D:8      | Reached skill level 13 in Long Blades
  3099 | D:8      | Killed a komodo dragon
  3136 | D:8      | Reached XP level 11. HP: 94/94 MP: 12/12
  3247 | D:8      | Found the +6 shillelagh "Devastator" {shatter}
  3249 | D:8      | Noticed a two-headed ogre
  3250 | D:8      | Noticed a two-headed ogre
  3262 | D:8      | Reached skill level 14 in Long Blades
  3262 | D:8      | Killed a two-headed ogre
  3267 | D:8      | Killed a two-headed ogre
  3268 | D:8      | Reached skill level 15 in Long Blades
  3325 | D:8      | Found a shimmering altar of Xom.
  3499 | D:9      | Found a sacrificial altar of Ru.
  3512 | D:9      | Identified the +5 chain mail of Cumiar {Rampage rF+}
  3677 | D:9      | Reached skill level 16 in Long Blades
  3780 | D:9      | Found a hide-covered altar of Uskayaw.
  3837 | D:9      | Reached skill level 1 in Evocations
  4019 | D:10     | Entered Level 10 of the Dungeon
  4226 | D:10     | Reached skill level 5 in Evocations
  4226 | D:10     | Reached XP level 12. HP: 104/104 MP: 13/13
  4531 | D:11     | Noticed a two-headed ogre
  4531 | D:11     | Noticed a four-headed hydra
  4534 | D:11     | Killed a two-headed ogre
  4535 | D:11     | Reached skill level 10 in Fighting
  4539 | D:11     | Killed a five-headed hydra
  4632 | D:11     | Noticed a skeletal warrior
  4641 | D:11     | Killed a skeletal warrior
  4641 | D:11     | Noticed a four-headed hydra
  4642 | D:11     | Noticed a death knight
  4653 | D:11     | Killed a four-headed hydra
  4657 | D:11     | Killed a death knight
  4658 | D:11     | Reached XP level 13. HP: 77/116 MP: 6/14
  4659 | D:11     | Noticed an ogre mage
  4666 | D:11     | Killed an ogre mage
  4667 | D:11     | Reached skill level 10 in Dodging
  4775 | D:11     | Noticed a two-headed ogre
  4793 | D:11     | Killed a two-headed ogre
  5106 | D:12     | Noticed a yaktaur captain
  5113 | D:12     | Noticed a two-headed ogre
  5199 | D:12     | Noticed a boulder beetle
  5209 | D:12     | Reached skill level 5 in Throwing
  5221 | D:12     | Noticed Psyche
  5222 | D:12     | Killed a boulder beetle
  5234 | D:12     | Killed Psyche
  5261 | D:12     | Noticed a centaur warrior
  5274 | D:12     | Killed a centaur warrior
  5355 | D:12     | Reached skill level 17 in Long Blades
  5389 | D:12     | Noticed a two-headed ogre
  5396 | D:12     | Killed a two-headed ogre
  5600 | D:13     | Noticed a tengu warrior
  5600 | D:13     | Noticed a tengu warrior
  5608 | D:13     | Killed a tengu warrior
  5609 | D:13     | Reached skill level 18 in Long Blades
  5609 | D:13     | Reached XP level 14. HP: 73/126 MP: 11/15
  6753 | D:10     | Found a portal to a secret trove of treasure.
  6791 | D:10     | Found a staircase to the Orcish Mines.
  6796 | Orc:1    | Entered Level 1 of the Orcish Mines
  6864 | Orc:1    | Noticed an orc warlord
  6940 | D:10     | Killed an orc warlord
  6941 | D:10     | Reached skill level 19 in Long Blades
  7245 | Orc:1    | Found Hufiyddo's Armour Shop.
  7262 | Orc:1    | Paralysed by an ogre mage for 4 turns
  7266 | Orc:1    | Found Sebrigad's Armour Shop.
  7385 | Orc:2    | Entered Level 2 of the Orcish Mines
  7509 | Orc:1    | Reached skill level 20 in Long Blades
  7522 | Orc:2    | Slain by an orc warrior

Illustrated notes

Levels and vault maps discovered:
D:1:      minmay_arrival_glassed_features, layout_basic,
          ebering_ecumenical_altar_petrified
D:2:      layout_basic
D:3:      layout_basic, nicolae_gozag_seed_capital, uniq_grinder, uniq_jessica,
          uniq_ijyb
D:4:      layout_basic
D:5:      layout_gridville, nicolae_overflow_crystal_walls, uniq_eustachio
D:6:      layout_cave_pools, lemuel_coloured_pillars_altar,
          nicolae_tso_besieged_by_evil
D:7:      layout_rooms, lemuel_doored_altar, nicolae_ru_awakened_eye,
          minmay_temple_entry_mini_moons, kennysheep_generic_room_2
D:8:      layout_loops_corners, tgw_xom, due_lair_maze_entry_diamond,
          dilly_guarded_unrand_devastator
D:9:      layout_long_grid, nicolae_overflow_hidden_temple,
          hangedman_feature_mirror
D:10:     layout_roguey, kennysheep_mini_moat, orc_0_dummy, enter_trove_3
D:11:     minmay_the_grid_four_pointed_star_mashed
          [minmay_the_grid_triangle_9x9_wacky_v,
          minmay_the_grid_triangle_9x9_sprig,
          minmay_the_grid_triangle_9x9_steps,
          minmay_the_grid_triangle_9x9_empty,
          minmay_the_grid_prize_inner_circle], layout_gridville
D:12:     nicolae_hexawheel, layout_basic, serial_aquarium,
          aquarium_bridge_square [aquarium_subvault_balcony,
          aquarium_subvault_wall, aquarium_subvault_bridge,
          aquarium_subvault_wall], aquarium_bridge_island_small
          [aquarium_subvault_small_open, aquarium_subvault_window,
          aquarium_subvault_balcony, aquarium_subvault_bridge,
          aquarium_subvault_balcony], aquarium_window_1, aquarium_window_2,
          aquarium_window_fake, aquarium_view_2f, aquarium_view_2c, uniq_psyche
D:13:     layout_basic, serial_shops, shop
Orc:1:    cheibrodos_orc_guarddog, layout_caves, guppyfry_orc_lava_fort
Orc:2:    st_orc_rangers, layout_caves, basic_altar

Skill      XL: |  1  2  3  4  5  6  7  8  9 10 11 12 13 14 |
---------------+-------------------------------------------+-----
Fighting       | 4 5 6 7 8 9 11 12 | 12.0
Dodging        | 6 9 10 | 10.8
Armour         | 5 |  5.5
Long Blades    | 3 9 13 16 18 20 | 20.0
Evocations     | 5 6 |  6.0
Throwing       | 6 |  6.0
Stealth        | |  3.7

Action                     |  1- 3 |  4- 6 |  7- 9 | 10-12 | 13-15 || total
---------------------------+-------+-------+-------+-------+-------++-------
  Melee: Falchion          |    69 |     5 |       |       |       ||    74
         Punch             |     1 |       |     2 |       |       ||     3
         Long sword        |       |   120 |   130 |       |       ||   250
         Great sword       |       |       |    27 |   269 |   345 ||   641
  Throw: Dart              |       |       |    10 |     1 |     7 ||    18
  Evoke: Wand              |       |       |     1 |     9 |       ||    10
         Phantom mirror    |       |       |       |     1 |     2 ||     3
    Use: Scroll            |     3 |       |     9 |     6 |     4 ||    22
         Potion            |     1 |     2 |     2 |     3 |       ||     8
   Stab: Sleeping          |       |     1 |       |     2 |     1 ||     4
         Distracted        |       |       |       |     4 |     2 ||     6
         Invisible         |       |       |       |       |     1 ||     1
 Armour: Leather armour    |    47 |    68 |       |       |       ||   115
         Ring mail         |       |     8 |    50 |    71 |    77 ||   206
  Dodge: Dodged            |    59 |    88 |   122 |   199 |   375 ||   843

Table legend: (Time is in decaauts)
 A = Elapsed time spent in this place.
 B = Non-inter-level travel time spent in this place.
 C = Inter-level travel time spent in this place.
 D = Time resting spent in this place.
 E = Time spent auto-exploring this place.
 F = Levels seen in this place.
 G = Mean time per level.
                   A        B        C        D        E       F      G
               +--------+--------+--------+--------+--------+-----+--------+
         Total |   7546 |   6713 |    833 |     11 |    718 |  15 |  503.1 |
       Dungeon |   6976 |   6168 |    808 |     11 |    718 |  13 |  536.6 |
  Orcish Mines |    569 |    544 |     25 |      0 |      0 |   2 |  284.5 |
               +--------+--------+--------+--------+--------+-----+--------+

Top non-repeatable levels by time:
    D:12: 1317 daAuts
    D:11: 818 daAuts
     D:8: 627 daAuts
    D:10: 621 daAuts
     D:6: 562 daAuts
     D:2: 556 daAuts
   Orc:1: 547 daAuts
     D:9: 509 daAuts
     D:5: 451 daAuts
     D:1: 364 daAuts
     D:3: 362 daAuts
     D:7: 349 daAuts
     D:4: 306 daAuts
    D:13: 128 daAuts
   Orc:2: 21 daAuts
